 Dungeon Crawl Stone Soup version 0.17-a0-1996-gd2c0ec8 (webtiles) character file.

1901 Hedron the Nimble (level 8, 42/42 HPs)
             Began as a Spriggan Berserker on Oct 7, 2015.
             Was an Elder of Trog.
             Quit the game on level 5 of the Dungeon.
             The game lasted 00:19:26 (7092 turns).

Hedron the Nimble (Spriggan Berserker)              Turns: 7092, Time: 00:19:26

Health: 42/42      AC:  3    Str: 17    XL:     8   Next: 94%
Magic:  13/13      EV: 23    Int:  9    God:    Trog [****..]
Gold:   273        SH:  0    Dex: 17    Spells: 0 memorised, 7 levels left

rFire  . . .     SeeInvis +     c - +8 hand axe "Isseemil" {holy, Str+4}
rCold  . . .     Clarity  .     b - +0 animal skin
rNeg   . . .     SustAt   .     (shield restricted)
rPois  .         Gourm    .     (helmet restricted)
rElec  .         Spirit   .     j - +0 cloak
rCorr  .         Warding  .     (gloves unavailable)
rMut   .         Stasis   .     (boots unavailable)
MR     +....                    (no amulet)
Stlth  ++++......               (no ring)
                                (no ring)

@: very quick, somewhat resistant to hostile enchantments, stealthy
A: unfitting armour, see invisible, herbivore 3, speed 3, slow metabolism 2
a: Burn Spellbooks, Berserk, Trog's Hand, Brothers in Arms, Renounce Religion


You were on level 5 of the Dungeon.
You worshipped Trog.
Trog was greatly pleased with you.
You were very hungry.

You visited 1 branch of the dungeon, and saw 5 of its levels.
You also visited: Ossuary.

You collected 273 gold pieces.

Inventory:

Hand Weapons
 a - a +0 short sword of piercing
 c - the +8 hand axe "Isseemil" (weapon) {holy, Str+4}
   (You found it on level 4 of the Dungeon)

   It has been blessed by the Shining One to cause great damage to the undead
   and demons.
   It affects your strength (+4).
Missiles
 i - 27 stones (quivered)
 n - 8 needles of confusion
Armour
 b - a +0 animal skin (worn)
 j - a +0 cloak (worn)
Wands
 f - a wand of slowing (34)
 k - a wand of draining (2)
 r - a wand of draining (8)
 t - a wand of draining (2)
 u - a wand of cold (9)
 x - a wand of flame (23)
 y - a wand of magic darts (16)
Scrolls
 l - a scroll of fog
 m - a scroll of magic mapping
 o - a scroll of fear
 w - a scroll of blinking
 z - a scroll of teleportation
Potions
 d - a potion of magic
 e - 4 potions of curing
 g - 2 potions of haste
 h - a potion of mutation
 p - a potion of invisibility {unknown}
 q - a potion of might {unknown}
 s - a potion of heal wounds {unknown}
 v - a potion of flight {unknown}


   Skills:
 + Level 4.2 Fighting
 - Level 6.0 Short Blades
 * Level 4.3 Axes
 + Level 8.0 Dodging
 + Level 7.2 Stealth
 + Level 5.8 Evocations


You had 7 spell levels left.
You didn't know any spells.

Dungeon Overview and Level Annotations

Branches:
Dungeon (5/15)             Temple (0/1) D:4

Altars:
Makhleb
Qazlal
Trog


Innate Abilities, Weirdness & Mutations

You are tiny and cannot use many weapons and most armour.
You have supernaturally acute eyesight.
You are a herbivore.
You cover ground extremely quickly.
You need consume almost no food.


Message History

You start resting.
You feel your anger subside.
You are no longer berserk.
You are exhausted.
You feel yourself slow down.
You are feeling very hungry.
You start resting.
HP restored.
You aren't carrying any food.
You open the door.
There is an open door here.
There is an open door here.
You feel yourself speed up.
You open the door.
There is an open door here.
You feel less exhausted.
Done exploring.
Read which item? (? for menu, Esc to quit)
Okay, then.
Are you sure you want to abandon this character and quit the game? (Confirm with "yes".)

#.##########.....!#
###.##.......).####.#
#.#.##.######).####.#
.>..##.# #.......##.#
....##.# #.##..#.##.#
.....#.###.##..#.##.##
.....................#
.....#######.#.......#
....## #.###@###.#
....# #.# #.###.#
###.# #.# #..##.#
##+## #.# ##.##.#
##...## #.# #.##.#
#.....## #.####.##.#
.......## #.........#
......>.####...##.####
........'.......#.#


There were no monsters in sight!

Vanquished Creatures
  2 wraiths (Ossuary)
  An ice beast (D:5)
  A sky beast (D:5)
  3 ogres
  A centaur (D:5)
  3 wights (Ossuary)
  A crimson imp (D:5)
  A hound (D:4)
  A jelly (D:5)
  Crazy Yiuf (D:5)
  2 centaur skeletons
  Terence (D:2)
  5 orc priests
  9 orc wizards
  2 worker ants (D:5)
  7 gnolls
  10 adders
  2 oozes
  An adder zombie (Ossuary)
  An adder skeleton (D:4)
  3 worms
  4 giant geckos
  28 orcs
  7 bats
  5 giant cockroaches
  11 hobgoblins
  4 jackals (D:5)
  A quokka (D:4)
  2 giant newts
  6 goblins
  2 hobgoblin skeletons (Ossuary)
  A hobgoblin zombie (Ossuary)
  13 kobolds
  A kobold zombie (Ossuary)
  3 orc zombies (Ossuary)
  10 rats
  A plant (D:1)
157 creatures vanquished.

Notes
Turn   | Place    | Note
--------------------------------------------------------------
     0 | D:1      | Hedron the Spriggan Berserker began the quest for the Orb.
     0 | D:1      | Reached XP level 1. HP: 11/11 MP: 2/2
   213 | D:1      | Reached skill level 1 in Stealth
   507 | D:1      | Reached XP level 2. HP: 10/16 MP: 3/3
   968 | D:1      | Acquired Trog's second power
  1270 | D:1      | Reached XP level 3. HP: 17/19 MP: 4/4
  2176 | D:2      | Noticed Terence
  2194 | D:2      | Killed Terence
  2194 | D:2      | Reached XP level 4. HP: 23/23 MP: 5/5
  2659 | D:3      | Reached skill level 5 in Dodging
  2839 | D:3      | Found a bloodstained altar of Trog.
  2861 | D:3      | Reached skill level 5 in Short Blades
  2867 | D:3      | Reached skill level 1 in Evocations
  2867 | D:3      | Reached XP level 5. HP: 27/27 MP: 6/6
  2925 | D:3      | Found a stormy altar of Qazlal.
  3476 | D:3      | Reached XP level 6. HP: 21/32 MP: 8/8
  4424 | D:4      | Reached skill level 6 in Short Blades
  4439 | D:4      | Got a faintly glowing hand axe
  4440 | D:4      | Identified the +8 hand axe "Isseemil" {holy, Str+4} (You found it on level 4 of the Dungeon)
  4447 | D:4      | Found a staircase to the Ecumenical Temple.
  4481 | D:4      | Reached XP level 7. HP: 23/36 MP: 10/10
  4670 | D:4      | Reached skill level 5 in Stealth
  4796 | D:4      | Acquired Trog's third power
  4796 | D:4      | Reached skill level 1 in Axes
  4943 | D:4      | Found a sand-covered staircase.
  4950 | Ossuary  | Entered an ossuary
  5057 | Ossuary  | Noticed a wraith
  5057 | Ossuary  | Noticed a flying skull
  5075 | Ossuary  | Noticed a wraith
  5080 | Ossuary  | Killed a wraith
  5139 | Ossuary  | Noticed a wraith
  5146 | Ossuary  | Killed a wraith
  5146 | Ossuary  | Reached XP level 8. HP: 40/40 MP: 12/12
  5152 | Ossuary  | Noticed a flying skull
  5152 | Ossuary  | Noticed a flying skull
  5485 | D:4      | Reached skill level 7 in Dodging
  5487 | D:4      | Reached skill level 5 in Evocations
  5725 | D:5      | Entered Level 5 of the Dungeon
  5873 | D:5      | Found a burning altar of Makhleb.
  6190 | D:5      | Noticed Crazy Yiuf
  6199 | D:5      | Killed Crazy Yiuf
  6771 | D:5      | Reached skill level 8 in Dodging
  7092 | D:5      | Quit the game

Vault maps used:
D:1:      denvon_arrival_planthouse
D:2:      minmay_door_path, first_bread, uniq_terence
D:3:      grunt_temple_overflow_open
D:4:      minmay_temple_entry_mist, enter_ossuary_1
D:5:      mrwooster_statue_mirror, bloody_makhleb, uniq_crazy_yiuf_cottage
Ossuary:  ossuary_due_cavern

Action                   |  1- 3 |  4- 6 |  7- 9 || total
-------------------------+-------+-------+-------++-------
Melee: Short sword       |   206 |   180 |       ||   386
       Hand axe          |       |    11 |   150 ||   161
Invok: Berserk           |     3 |    10 |     7 ||    20
       Burn Spellbooks   |       |       |     1 ||     1
Evoke: Wand              |       |       |     1 ||     1
  Use: Scroll            |     3 |     6 |     7 ||    16
 Stab: Sleeping          |     5 |     6 |    19 ||    30
  Eat: Bread ration      |     1 |     2 |     1 ||     4
